cohdb
Replays
Latest Replays
All Replays
Popular Replays
Top Player Replays
Match Explorer
How It Works
Community
CoH3 Stats
Reddit
Sign in to upload your games and track your stats! →
Sign in with Steam
Match 42938225
Unlisted
Match 42938225
Overview
Messages
Build Orders
End
Kradschützen Motorcycle Team
Panzergrenadier Squad
Construct Light Support Kompanie
MG34 Team
Panzerjäger Squad
Fire Support Elements
Kradschützen Motorcycle Team
Selects Italian Infantry
Selects Guastatori Squad
Guastatori Squad
Pak 38 Anti-tank Gun Team
MG34 Team
Selects L6/40 Light Tank Combat Group
L6/40 Light Tank Combat Group
Construct Mechanized Kompanie
[LIVE]GEMINIMiki
borchuk_mykola
0
0
Comments
sign in to comment!
No comments posted yet!